AoeStats
← ^4Yeeegz

Lombardia

507916826Analyzed
2v2 RM · 10d ago on Sep 20, 2026· 14m 27s· 4 players
Game mode
Random Map
Map size
Medium (4 player)
Population
200
Speed
Normal
Resources
Standard
Victory
Conquest
Starting age
Dark Age
Ending age
Imperial Age
RankedLock teamsTeams togetherTeam positionsShared explorationLock speedFull tech treeHidden civsTurbo modeCheats
Victory
Defeat
🇺🇸 Britons · United States
1297
+20
🇲🇽 Poles · Mexico
1178
+23
🇺🇸 Khitans · United States
1520
-27
🇳🇱 Hindustanis · Netherlands
1221
-16
^4Yeeegz
7:17 Loom
9:03 Feudal Age
7:20 Loom
9:31 Double-Bit Axe
9:30 Horse Collar
13:40 Fletching
BlankZombie18
6:11 Loom
8:59 Feudal Age
9:50 Double-Bit Axe
TaNa
11:00 Feudal Age
WesZ
10:31 Feudal Age
10:35 Loom
14:46 Castle Age
Connection lost

Rejoining the realm…

Still unreachable

The connection could not be restored.

Session expired

The server has moved on; the page needs a fresh start.